| TOP OF THE 1ST |
|
Atlanta Braves batting - Pitching for Pittsburgh Pirates : RHP Jeremy Kennie
|
|
Pitching: RHP Jeremy Kennie
|
|
|
Batting: RHB Jeckel Hester
|
0-0: Ball 1-0: Called Strike 1-1: Ground out 5-3 (Groundball, 5, EV 107.5 MPH)
|
|
Batting: LHB Colin Worthington
|
0-0: Ball 1-0: Ball 2-0: SINGLE (Groundball, 4D, EV 94.4 MPH)
|
|
Batting: RHB Butch Kaiser
|
0-0: Ball 1-0: Foul Ball, location: 2F 1-1: Foul Ball, location: 2F 1-2: Foul Ball, location: 2F 1-2: Fly out, F9 (Flyball, 9S, EV 88.1 MPH)
|
|
Batting: LHB Seth Cook
|
0-0: Ball 1-0: Fly out, F7 (Flyball, 7S, EV 78.1 MPH)
|
| Top of the 1st over - 0 runs, 1 hit, 0 errors, 1 left on base; Atlanta 0 - Pittsburgh 0 |
| BOTTOM OF THE 1ST |
|
Pittsburgh Pirates batting - Pitching for Atlanta Braves : RHP Pimbly Nimblebottom
|
|
Pitching: RHP Pimbly Nimblebottom
|
|
|
Batting: RHB Eisse Bravenboer
|
0-0: Called Strike 0-1: Swinging Strike 0-2: Ball 1-2: Foul Ball, location: 2F 1-2: Ball 2-2: Foul Ball, location: 2F 2-2: Strikes out swinging
|
|
Batting: RHB Steve Jordan
|
0-0: Foul Ball, location: 2F 0-1: Fly out, F9 (Flyball, 9D, EV 96.9 MPH)
|
|
Batting: SHB Marvin McAleer
|
0-0: Ball 1-0: Called Strike 1-1: Ball 2-1: Ball 3-1: Base on Balls
|
|
Batting: RHB Vincent Poopwell
|
0-0: Ball 1-0: SINGLE (Groundball, 34, EV 102.5 MPH) Marvin McAleer to second Runner from 2nd tries for 3rd, OUT! 9-5
|
| Bottom of the 1st over - 0 runs, 1 hit, 0 errors, 1 left on base; Atlanta 0 - Pittsburgh 0 |
| TOP OF THE 2ND |
|
Atlanta Braves batting - Pitching for Pittsburgh Pirates : RHP Jeremy Kennie
|
|
Batting: RHB Kanehisa Kubo
|
0-0: Swinging Strike 0-1: Foul Ball, location: 2F 0-2: Ball 1-2: Fly out, F7 (Flyball, 7LM, EV 93.8 MPH)
|
|
Batting: LHB Tom Best
|
0-0: Called Strike 0-1: Foul Ball, location: 2F 0-2: Foul Ball, location: 2F 0-2: Ball 1-2: Ball 2-2: Strikes out swinging
|
|
Batting: RHB Liangde Li
|
0-0: Called Strike 0-1: Ball 1-1: Foul Ball, location: 2F 1-2: SINGLE (Groundball, 6M, EV 87.5 MPH) (infield hit)
|
|
Batting: LHB Zack Berney
|
0-0: Called Strike 0-1: Ball 1-1: Called Strike Liangde Li steals 2nd base 1-2: Ball 2-2: Strikes out swinging
|
| Top of the 2nd over - 0 runs, 1 hit, 0 errors, 1 left on base; Atlanta 0 - Pittsburgh 0 |
| BOTTOM OF THE 2ND |
|
Pittsburgh Pirates batting - Pitching for Atlanta Braves : RHP Pimbly Nimblebottom
|
|
Batting: LHB Theodore Conboy
|
0-0: Ball 1-0: Foul Ball, location: 2F 1-1: SOLO HOME RUN (Flyball, 7LD, EV 96.3 MPH), Distance : 340 ft
|
|
Batting: RHB Tommie Eaton
|
0-0: Called Strike 0-1: Ball 1-1: Called Strike 1-2: SINGLE (Groundball, 6MD, EV 95.6 MPH)
|
|
Batting: RHB Mike Thornton
|
0-0: Ball 1-0: Called Strike 1-1: Ball 2-1: Ball Tommie Eaton steals 2nd base 3-1: Called Strike 3-2: Ground out 6-3 (Groundball, 6, EV 89.4 MPH) Tommie Eaton to third
|
|
Batting: RHB Mike Bates
|
0-0: Ball 1-0: Called Strike 1-1: Ball 2-1: Foul Ball, location: 2F 2-2: Ball 3-2: Strikes out swinging
|
|
Batting: RHB Pedro Nin
|
0-0: Ball 1-0: Ball 2-0: Ball 3-0: Called Strike 3-1: Ground out 6-3 (Groundball, 6, EV 91.3 MPH)
|
| Bottom of the 2nd over - 1 run, 2 hits, 0 errors, 1 left on base; Atlanta 0 - Pittsburgh 1 |
| TOP OF THE 3RD |
|
Atlanta Braves batting - Pitching for Pittsburgh Pirates : RHP Jeremy Kennie
|
|
Batting: RHB Itsuo Egami
|
0-0: Ball 1-0: Ball 2-0: Called Strike 2-1: Ball 3-1: Foul Ball, location: 2F 3-2: Fly out, F9 (Flyball, 9, EV 99.4 MPH)
|
|
Batting: RHB Jeckel Hester
|
0-0: Ball 1-0: DOUBLE (Flyball, 8LXD, EV 108.1 MPH)
|
|
Batting: LHB Colin Worthington
|
0-0: Called Strike 0-1: Foul Ball, location: 2F 0-2: Ground out U3 (Groundball, 3L, EV 102.5 MPH) Jeckel Hester to third
|
|
Batting: RHB Butch Kaiser
|
0-0: Ball 1-0: Ball 2-0: Foul Ball, location: 2F 2-1: SINGLE (Groundball, 25, EV 66.3 MPH) (infield hit) Jeckel Hester scores
|
|
Batting: LHB Seth Cook
|
0-0: Ball 1-0: Ground out 4-3 (Groundball, 4S, EV 84.4 MPH)
|
| Top of the 3rd over - 1 run, 2 hits, 0 errors, 1 left on base; Atlanta 1 - Pittsburgh 1 |
| BOTTOM OF THE 3RD |
|
Pittsburgh Pirates batting - Pitching for Atlanta Braves : RHP Pimbly Nimblebottom
|
|
Batting: RHB Eisse Bravenboer
|
0-0: Ball 1-0: Foul Ball, location: 2F 1-1: Foul Ball, location: 2F 1-2: Foul Ball, location: 2F 1-2: Strikes out swinging
|
|
Batting: RHB Steve Jordan
|
0-0: Called Strike 0-1: Swinging Strike 0-2: Strikes out swinging
|
|
Batting: SHB Marvin McAleer
|
0-0: Called Strike 0-1: Ball 1-1: Ball 2-1: SINGLE (Groundball, 4MS, EV 83.1 MPH) (infield hit)
|
|
Batting: RHB Vincent Poopwell
|
0-0: Called Strike 0-1: Called Strike Marvin McAleer steals 2nd base 0-2: Ball 1-2: SINGLE (Line Drive, 8RS, EV 98.1 MPH) Marvin McAleer to third Runner from 3rd tries for Home, SAFE, throw by CF to home
|
|
Batting: LHB Theodore Conboy
|
0-0: Called Strike Vincent Poopwell steals 2nd base (no throw) 0-1: Ball 1-1: SINGLE (Groundball, 34D, EV 103.8 MPH) Vincent Poopwell to third Runner from 3rd tries for Home, SAFE, throw by RF to home
|
|
Batting: RHB Tommie Eaton
|
0-0: Ball Theodore Conboy steals 2nd base 1-0: Called Strike 1-1: Ball 2-1: Called Strike 2-2: SINGLE (Groundball, 6MD, EV 95.0 MPH) Theodore Conboy to third Runner from 3rd tries for Home, throw by CF and OUT! 8-2
|
| Bottom of the 3rd over - 2 runs, 4 hits, 0 errors, 1 left on base; Atlanta 1 - Pittsburgh 3 |
| TOP OF THE 4TH |
|
Atlanta Braves batting - Pitching for Pittsburgh Pirates : RHP Jeremy Kennie
|
|
Batting: RHB Kanehisa Kubo
|
0-0: Ball 1-0: Called Strike 1-1: TRIPLE (Flyball, 78XD, EV 91.3 MPH)
|
|
Batting: LHB Tom Best
|
0-0: Called Strike 0-1: Ground out U3 (Groundball, 34S, EV 90.0 MPH) Kanehisa Kubo scores
|
|
Batting: RHB Liangde Li
|
0-0: Ball 1-0: Ball 2-0: Called Strike 2-1: Foul Ball, location: 2F 2-2: Strikes out swinging
|
|
Batting: LHB Zack Berney
|
0-0: Ball 1-0: Ground out 6-3 (Groundball, 6, EV 79.4 MPH)
|
| Top of the 4th over - 1 run, 1 hit, 0 errors, 0 left on base; Atlanta 2 - Pittsburgh 3 |
| BOTTOM OF THE 4TH |
|
Pittsburgh Pirates batting - Pitching for Atlanta Braves : RHP Pimbly Nimblebottom
|
|
Batting: RHB Mike Thornton
|
0-0: Called Strike 0-1: Ball 1-1: Ball 2-1: Swinging Strike 2-2: Fly out, F3 (Popup, 3SF, EV 80.0 MPH)
|
|
Batting: RHB Mike Bates
|
0-0: Swinging Strike 0-1: Ball 1-1: Ball 2-1: Fly out, F8 (Flyball, 8RD, EV 102.5 MPH)
|
|
Batting: RHB Pedro Nin
|
0-0: Foul Ball, location: 2F 0-1: Ball 1-1: Foul Ball, location: 2F 1-2: Foul Ball, location: 2F 1-2: Ball 2-2: Strikes out swinging
|
| Bottom of the 4th over - 0 runs, 0 hits, 0 errors, 0 left on base; Atlanta 2 - Pittsburgh 3 |
| TOP OF THE 5TH |
|
Atlanta Braves batting - Pitching for Pittsburgh Pirates : RHP Jeremy Kennie
|
|
Batting: RHB Itsuo Egami
|
0-0: Foul Ball, location: 2F 0-1: Ball 1-1: Called Strike 1-2: Ball 2-2: Strikes out swinging
|
|
Batting: RHB Jeckel Hester
|
0-0: Fly out, F8 (Flyball, 8RD, EV 91.9 MPH)
|
|
Batting: LHB Colin Worthington
|
0-0: Called Strike 0-1: Ball 1-1: Foul Ball, location: 2F 1-2: Hit by Pitch
|
|
Batting: RHB Butch Kaiser
|
0-0: Called Strike 0-1: Ball 1-1: Ball 2-1: Foul Ball, location: 2F 2-2: Strikes out looking
|
| Top of the 5th over - 0 runs, 0 hits, 0 errors, 1 left on base; Atlanta 2 - Pittsburgh 3 |
| BOTTOM OF THE 5TH |
|
Pittsburgh Pirates batting - Pitching for Atlanta Braves : RHP Pimbly Nimblebottom
|
|
Batting: RHB Eisse Bravenboer
|
0-0: Ball 1-0: Swinging Strike 1-1: Swinging Strike 1-2: Strikes out swinging
|
|
Batting: RHB Steve Jordan
|
0-0: Called Strike 0-1: Ball 1-1: DOUBLE (Line Drive, 89M, EV 111.3 MPH)
|
|
Batting: SHB Marvin McAleer
|
0-0: Ball 1-0: Swinging Strike 1-1: Foul Ball, location: 2F 1-2: Ball 2-2: SINGLE (Groundball, 56D, EV 95.6 MPH) Steve Jordan to third Runner from 3rd tries for Home, SAFE, throw by LF to home
|
|
Batting: RHB Vincent Poopwell
|
0-0: Ball 1-0: Fly out, F9 (Flyball, 9LS, EV 91.9 MPH)
|
|
Batting: LHB Theodore Conboy
|
0-0: Ball Marvin McAleer steals 2nd base 1-0: Called Strike 1-1: Ball 2-1: Ball 3-1: Base on Balls
|
|
Batting: RHB Tommie Eaton
|
0-0: Foul Ball, location: 2F 0-1: Ball 1-1: Foul Ball, location: 2F 1-2: SINGLE (Groundball, 4MD, EV 94.4 MPH) Marvin McAleer to third Theodore Conboy to second Runner from 3rd tries for Home, throw by CF and OUT! 8-2
|
| Bottom of the 5th over - 1 run, 3 hits, 0 errors, 2 left on base; Atlanta 2 - Pittsburgh 4 |
| TOP OF THE 6TH |
|
Atlanta Braves batting - Pitching for Pittsburgh Pirates : RHP Jeremy Kennie
|
|
Batting: LHB Seth Cook
|
0-0: Ball 1-0: SINGLE (Line Drive, 7S, EV 100.6 MPH)
|
|
Batting: RHB Kanehisa Kubo
|
0-0: Called Strike 0-1: Ball 1-1: Ball 2-1: Ground out 6-3 (Groundball, 4MS, EV 90.0 MPH) Seth Cook to second
|
|
Batting: LHB Tom Best
|
0-0: Ball 1-0: Ball 2-0: Ball 3-0: Called Strike 3-1: Fly out, F8 (Flyball, 8RM, EV 79.4 MPH)
|
|
Batting: RHB Liangde Li
|
0-0: Foul Ball, location: 2F 0-1: Swinging Strike 0-2: Foul Ball, location: 2F 0-2: Ball 1-2: Strikes out looking
|
| Top of the 6th over - 0 runs, 1 hit, 0 errors, 1 left on base; Atlanta 2 - Pittsburgh 4 |
| BOTTOM OF THE 6TH |
|
Pittsburgh Pirates batting - Pitching for Atlanta Braves : RHP Pimbly Nimblebottom
|
|
Pitching: RHP Mike Aguilar
|
|
|
Batting: RHB Mike Thornton
|
0-0: SINGLE (Line Drive, 7LS, EV 100.6 MPH)
|
|
Batting: RHB Mike Bates
|
0-0: Foul Ball, location: 2F 0-1: Called Strike 0-2: Strikes out swinging
|
|
Batting: RHB Pedro Nin
|
0-0: Ball 1-0: Ball 2-0: Foul Ball, location: 2F 2-1: Foul Ball, location: 2F 2-2: SINGLE (Flyball, 4D, EV 90.0 MPH) Mike Thornton to second
|
|
Batting: RHB Eisse Bravenboer
|
0-0: Foul Ball, location: 2F 0-1: Foul Ball, location: 2F 0-2: Foul Ball, location: 2F 0-2: Ball 1-2: Ball 2-2: Grounds into double play, 5-4-3 (Groundball, 56S, EV 80.0 MPH)
|
| Bottom of the 6th over - 0 runs, 2 hits, 0 errors, 1 left on base; Atlanta 2 - Pittsburgh 4 |
| TOP OF THE 7TH |
|
Atlanta Braves batting - Pitching for Pittsburgh Pirates : RHP Jeremy Kennie
|
|
Batting: LHB Zack Berney
|
0-0: Ball 1-0: Called Strike 1-1: Ball 2-1: Called Strike 2-2: Strikes out swinging
|
|
Batting: RHB Itsuo Egami
|
0-0: Foul Ball, location: 2F 0-1: Ball 1-1: Ball 2-1: Called Strike 2-2: Strikes out swinging
|
|
Batting: RHB Jeckel Hester
|
0-0: Fly out, F9 (Flyball, 9, EV 91.3 MPH)
|
| Top of the 7th over - 0 runs, 0 hits, 0 errors, 0 left on base; Atlanta 2 - Pittsburgh 4 |
| BOTTOM OF THE 7TH |
|
Pittsburgh Pirates batting - Pitching for Atlanta Braves : RHP Mike Aguilar
|
|
Batting: RHB Steve Jordan
|
0-0: Ball 1-0: Ground out 4-3 (Groundball, 4, EV 108.1 MPH)
|
|
Batting: SHB Marvin McAleer
|
0-0: Called Strike 0-1: Foul Ball, location: 2F 0-2: Ball 1-2: Ball 2-2: Ball 3-2: Foul Ball, location: 2F 3-2: Foul Ball, location: 2F 3-2: Ground out 4-3 (Groundball, 4, EV 105.0 MPH)
|
|
Batting: RHB Vincent Poopwell
|
0-0: Ball 1-0: SOLO HOME RUN (Flyball, 7LD, EV 95.6 MPH), Distance : 337 ft
|
|
Batting: LHB Theodore Conboy
|
0-0: Foul Ball, location: 2F 0-1: Ground out 4-3 (Groundball, 13, EV 80.0 MPH)
|
| Bottom of the 7th over - 1 run, 1 hit, 0 errors, 0 left on base; Atlanta 2 - Pittsburgh 5 |
| TOP OF THE 8TH |
|
Atlanta Braves batting - Pitching for Pittsburgh Pirates : RHP Jeremy Kennie
|
|
Pitching: LHP Tim Wichman
|
|
|
Batting: LHB Colin Worthington
|
0-0: Ball 1-0: Called Strike 1-1: Called Strike 1-2: Strikes out looking
|
|
Batting: RHB Butch Kaiser
|
0-0: Ball 1-0: Called Strike 1-1: Foul Ball, location: 2F 1-2: Foul Ball, location: 2F 1-2: Ball 2-2: Ground out 4-3 (Groundball, 4, EV 96.9 MPH)
|
|
Batting: LHB Seth Cook
|
0-0: Ball 1-0: Called Strike 1-1: Ball 2-1: Ground out 6-3 (Groundball, 4M, EV 103.1 MPH)
|
| Top of the 8th over - 0 runs, 0 hits, 0 errors, 0 left on base; Atlanta 2 - Pittsburgh 5 |
| BOTTOM OF THE 8TH |
|
Pittsburgh Pirates batting - Pitching for Atlanta Braves : RHP Mike Aguilar
|
|
Pitching: RHP Jeff Miller
|
|
|
Batting: RHB Tommie Eaton
|
0-0: Called Strike 0-1: Ball 1-1: Foul Ball, location: 2F 1-2: Reached on error, E5 (Line Drive, 5, EV 66.9 MPH)
|
|
Batting: RHB Mike Thornton
|
0-0: Ball Tommie Eaton steals 2nd base 1-0: Called Strike 1-1: Ball 2-1: Ball 3-1: Base on Balls
|
|
Batting: RHB Mike Bates
|
0-0: Called Strike 0-1: Sac Bunt to 25 - play at first, batter safe! Tommie Eaton to third Mike Thornton to second
|
|
Batting: RHB Pedro Nin
|
0-0: Ball 1-0: Foul Ball, location: 2F 1-1: Ball 2-1: Foul Ball, location: 2F 2-2: Foul Ball, location: 2F 2-2: Ball 3-2: Foul Ball, location: 2F 3-2: Base on Balls Tommie Eaton scores Mike Thornton to third Mike Bates to second
|
|
Batting: RHB Eisse Bravenboer
|
0-0: Swinging Strike 0-1: Foul Ball, location: 2F 0-2: Ball 1-2: Ball 2-2: Grounds into double play, 4-6-3 (Groundball, 4M, EV 104.4 MPH) Mike Thornton scores Mike Bates to third
|
|
Batting: RHB Steve Jordan
|
0-0: Ball 1-0: Ball 2-0: Called Strike 2-1: Foul Ball, location: 2F 2-2: Ball 3-2: Foul Ball, location: 2F 3-2: Base on Balls
|
|
Batting: SHB Marvin McAleer
|
0-0: Ball 1-0: Called Strike 1-1: Fly out, F8 (Line Drive, 8LD, EV 91.3 MPH)
|
| Bottom of the 8th over - 2 runs, 1 hit, 1 error, 2 left on base; Atlanta 2 - Pittsburgh 7 |
| TOP OF THE 9TH |
|
Atlanta Braves batting - Pitching for Pittsburgh Pirates : LHP Tim Wichman
|
|
Batting: RHB Kanehisa Kubo
|
0-0: Ball 1-0: Ball 2-0: Called Strike 2-1: Foul Ball, location: 2F 2-2: DOUBLE (Groundball, 5L, EV 103.1 MPH)
|
|
Pinch Hitting: RHB Reilly Hawkins
|
0-0: Foul Ball, location: 2F 0-1: Ball 1-1: Called Strike 1-2: Ball 2-2: Foul Ball, location: 2F 2-2: Foul Ball, location: 2F 2-2: Ball 3-2: Foul Ball, location: 2F 3-2: 2-RUN HOME RUN (Flyball, 9D, EV 107.5 MPH), Distance : 393 ft
|
|
Pitching: RHP Steve Grier
|
|
|
Batting: RHB Liangde Li
|
0-0: Called Strike 0-1: Called Strike 0-2: Ball 1-2: Foul Ball, location: 2F 1-2: Ball 2-2: Ball 3-2: Strikes out swinging
|
|
Batting: LHB Zack Berney
|
0-0: Ball 1-0: Called Strike 1-1: Called Strike 1-2: Foul Ball, location: 2F 1-2: Ground out U3 (Groundball, 34, EV 78.8 MPH)
|
|
Batting: RHB Itsuo Egami
|
0-0: Swinging Strike 0-1: Ball 1-1: Ball 2-1: Foul Ball, location: 2F 2-2: Foul Ball, location: 2F 2-2: Strikes out swinging
|
| Top of the 9th over - 2 runs, 2 hits, 0 errors, 0 left on base; Atlanta 4 - Pittsburgh 7 |
|